 Dungeon Sprint DCSS version 0.32-a0-42-ga30500b4d3 (webtiles) character file.

Game seed: 10137946433207916654

14 rocky1 the Covered (level 2, -4/20 HPs)
             Began as a Gargoyle Fighter on Jan 27, 2024.
             Was an Initiate of Okawaru.
             Slain by a bullfrog (7 damage)
             ... in the Dungeon (Sprint VII: "The Pits").
             The game lasted 00:00:37 (132 turns).

rocky1 the Covered (Gargoyle Fighter)                Turns: 132, Time: 00:00:38

Health: -4/20      AC: 10    Str: 19    XL:     2   Next: 41%
Magic:  2/2        EV:  9    Int:  8    God:    Okawaru [......]
Gold:   0          SH:  4    Dex:  9    Spells: 1/1 levels left

rFire   . . .        a - +0 flail
rCold   . . .        c - +0 buckler
rNeg    + . .        b - +0 scale mail
rPois   ∞            (no helmet)
rElec   +            (no cloak)
rCorr   .            (no gloves)
SInv    .            (no boots)
Will    .....        (no amulet) Stlth
                     (no ring)
HPRegen 0.23/turn    (no ring)
MPRegen 0.08/turn

%: no teleportation
@: no status effects
A: sickness immunity, AC +2, negative energy resistance 1, electricity
resistance, torment resistance 1, petrification resistance
a: Renounce Religion


You were in the Dungeon.
You worshipped Okawaru.
Okawaru was noncommittal.
You visited 1 branch

Inventory:

Hand Weapons
 a - a +0 flail (weapon)
Armour
 b - a +0 scale mail (worn)
 c - a +0 buckler (worn)
Scrolls
 j - a scroll of blinking
 l - 2 scrolls of vulnerability
 m - 5 scrolls of amnesia
 n - a scroll of summoning
Potions
 d - a potion of might
 g - a potion of haste
 h - 4 potions of magic
 i - 3 potions of berserk rage
 k - 2 potions of invisibility


   Skills:
 + Level 4.1 Fighting
 + Level 2.4 Maces & Flails
 + Level 4.5 Armour
 + Level 0.3 Dodging
 + Level 4.2 Shields


You had one spell level left.
You didn't know any spells.
Your spell library was empty.

Dungeon Overview and Level Annotations

Branches:
Dungeon (1/1)

Altars:
Ashenzari
Cheibriados
Dithmenos
Elyvilon
Fedhas
Gozag
Hepliaklqana
Kikubaaqudgha
Makhleb
Nemelex Xobeh
Okawaru
Qazlal
Ru
Sif Muna
Trog
Uskayaw
Vehumet
Wu Jian
Xom
Yredelemnul
Zin
The Shining One
Jiyva
Lugonu


Innate Abilities, Weirdness & Mutations

You are immune to sickness and miasma.
Your stone body is resilient. (AC +2)
You are immune to poison.
You resist negative energy. (rN+)
You are resistant to electric shocks. (rElec)
You are resistant to unholy torment.
You are immune to petrification.


Message History

The bullfrog hits you but does no damage.
You closely miss the bullfrog.
The bullfrog hits you but does no damage. x2
You closely miss the bullfrog. The bullfrog hits you.
The bullfrog hits you but does no damage.
You sock the bullfrog!
The bullfrog is heavily wounded.
You block the bullfrog's attack. x2
You closely miss the bullfrog.
The bullfrog is heavily wounded.
The bullfrog hits you.
* * * LOW HITPOINT WARNING * * *
The bullfrog barely misses you.
You sock the bullfrog!
The bullfrog is almost dead.
The bullfrog hits you but does no damage. x2
You feel much better. The bullfrog hits you! You block the bullfrog's attack.
You closely miss the bullfrog.
The bullfrog is almost dead.
The bullfrog closely misses you. The bullfrog barely misses you.
You barely miss the bullfrog.
The bullfrog is almost dead.
The bullfrog misses you. The bullfrog hits you!
You closely miss the bullfrog.
The bullfrog is almost dead.
The bullfrog hits you.
* * * LOW HITPOINT WARNING * * *
The bullfrog hits you but does no damage.
You closely miss the bullfrog.
The bullfrog is almost dead.
The bullfrog hits you.
* * * LOW HITPOINT WARNING * * *
The bullfrog closely misses you.
You feel better. The bullfrog hits you.
You barely miss the bullfrog.
The bullfrog is almost dead.
The bullfrog hits you.
* * * LOW HITPOINT WARNING * * *
The bullfrog hits you!
You die...

##########'##...........
#..(.')))'.##......#..#.
##########.##...........
#..........†'...........
#+#####†#####......#..#.
#..)..##...........
#####†#####'#####++
#.....##.......#
#..@..##.......#
###F####.......#
#.Kg..##...<...#
........##.......#
#........##.......#
###########.......#
#########


You could see a bullfrog, a goblin and a kobold.

Vanquished Creatures
  An adder skeleton (D)
  An orc (D)
  4 jackals (D)
  A quokka (D)
  A frilled lizard (D)
  A rat (D)
9 creatures vanquished.

Notes
Turn   | Place    | Note
-------+----------+-------------------------------------------
     0 | D        | rocky1 the Gargoyle Fighter began the quest for the Orb.
     0 | D        | Reached XP level 1. HP: 14/14 MP: 1/1
    30 | D        | Found a bloodstained altar of Trog.
    30 | D        | Found a shimmering blue altar of Sif Muna.
    30 | D        | Found a viscous altar of Jiyva.
    30 | D        | Found a hazy altar of Hepliaklqana.
    30 | D        | Found an opulent altar of Gozag.
    53 | D        | Found a glowing golden altar of the Shining One.
    53 | D        | Found a glowing silver altar of Zin.
    53 | D        | Found a basalt altar of Yredelemnul.
    53 | D        | Found a shimmering altar of Xom.
    53 | D        | Found an ornate altar of the Wu Jian Council.
    53 | D        | Found a sacrificial altar of Ru.
    53 | D        | Found a stormy altar of Qazlal.
    53 | D        | Found an iron altar of Okawaru.
    53 | D        | Found a sparkling altar of Nemelex Xobeh.
    53 | D        | Found a burning altar of Makhleb.
    53 | D        | Found a blossoming altar of Fedhas.
    53 | D        | Found a white marble altar of Elyvilon.
    53 | D        | Found a shadowy altar of Dithmenos.
    53 | D        | Found a snail-covered altar of Cheibriados.
    57 | D        | Found a corrupted altar of Lugonu.
    57 | D        | Found a radiant altar of Vehumet.
    58 | D        | Found a broken altar of Ashenzari.
    58 | D        | Found an ancient bone altar of Kikubaaqudgha.
    58 | D        | Found a hide-covered altar of Uskayaw.
    63 | D        | Became a worshipper of Warmaster Okawaru
    99 | D        | Reached XP level 2. HP: 20/20 MP: 2/2
   114 | D        | Noticed a bullfrog
   132 | D        | Slain by a bullfrog

Illustrated notes

Levels and vault maps discovered:
D:        pitsprint [storerooms_1, entrance_room_1, metal_vault_2, armoury_1,
          mini_pit_1, grid_room_1, main_hall_1, silver_pit, the_coven_2,
          the_vestibule_1, steel_vault_5, golden_pit, hallway_of_sentries,
          crystal_vault_1, iron_vault_1, final_vault]

Skill      XL: |  1  2 |
---------------+-------+-----
Armour         | 4 |  4.5
Shields        | 4 |  4.2
Fighting       | 4 |  4.1
Maces & Flails | |  2.4
Dodging        | |  0.3

Action                     || total
---------------------------++-------
  Melee: Flail             ||    52
    Use: Potion            ||     2
 Armour: Scale mail        ||    47
  Dodge: Dodged            ||    31
  Block: Buckler           ||    10

Table legend: (Time is in decaauts)
 A = Elapsed time spent in this place.
 B = Non-inter-level travel time spent in this place.
 C = Inter-level travel time spent in this place.
 D = Time resting spent in this place.
 E = Time spent auto-exploring this place.
 F = Levels seen in this place.
 G = Mean time per level.
                   A        B        C        D        E       F      G
               +--------+--------+--------+--------+--------+-----+--------+
         Total |    148 |    148 |      0 |      0 |      0 |   1 |  148.0 |
       Dungeon |    148 |    148 |      0 |      0 |      0 |   1 |  148.0 |
               +--------+--------+--------+--------+--------+-----+--------+

Top non-repeatable levels by time:
       D: 148 daAuts
